AoeStats
← agcoscojuela

Arena

508187508Analyzed
4v4 RM · 10d ago on Sep 21, 2026· 19m 26s· 8 players
Game mode
Random Map
Map size
Large (8 player)
Population
200
Speed
Normal
Resources
Standard
Victory
Conquest
Starting age
Dark Age
Ending age
Imperial Age
RankedLock teamsTeams togetherTeam positionsShared explorationLock speedFull tech treeHidden civsTurbo modeCheats
Victory
Defeat
🇹🇷 Poles · Türkiye
764
+7
🇨🇦 Wei · Canada
753
+7
🇺🇸 Malians · United States
690
+9
🇦🇺 Spanish · Australia
650
+11
🇬🇧 Huns · United Kingdom
674
-13
🇪🇸 Inca · Spain
559
-9
🇨🇳 Georgians · China
468
-6
🇬🇧 Chinese · United Kingdom
459
-6
agcoscojuela
0:29 Loom
Kulikulkins4203
2:30 Loom
11:57 Feudal Age
13:10 Town Watch
16:25 Double-Bit Axe
18:31 Forging
18:12 Fletching
20:58 Castle Age
おに惨
HolyKanolie
0:27 Loom
weefimonster
11:46 Feudal Age
17:24 Castle Age
20:01 Forging
Smurfm4n87
0:57 Loom
16:52 Feudal Age
17:32 Man-at-Arms
18:53 Scale Mail Armor
19:04 Forging
Külekcikss
4:45 Loom
8:33 Feudal Age
9:13 Double-Bit Axe
11:23 Wheelbarrow
13:30 Horse Collar
15:49 Arson
16:19 Man-at-Arms
19:08 Gold Mining
MachTerran
12:07 Feudal Age
11:48 Loom
16:32 Castle Age
14:29 Horse Collar
15:06 Double-Bit Axe
16:36 Stone Mining
17:13 Heavy Plow
Connection lost

Rejoining the realm…

Still unreachable

The connection could not be restored.

Session expired

The server has moved on; the page needs a fresh start.